 Dungeon Crawl Stone Soup version 0.29.0-11-gd7f09526c8 (webtiles) character file.

Game seed: 1668770511551560415

132 VictoriousLee the Shooter (level 4, -1/21 HPs)
             Began as a Spriggan Arcane Marksman on Sept 4, 2022.
             Killed by nerve-wracking pain
             ... invoked by an orc priest
              (11 damage)
             ... on level 3 of the Dungeon.
             The game lasted 00:06:06 (3066 turns).

VictoriousLee the Shooter (SpAM)                    Turns: 3066, Time: 00:06:10

Health: -1/21      AC:  2    Str:  6    XL:     4   Next: 92%
Magic:  7/7        EV: 17    Int: 14    God:
Gold:   107        SH:  0    Dex: 17    Spells: 1/5 levels left

rFire   . . .      SeeInvis +   a - +1 sling
rCold   . . .      Faith    .   (no shield)
rNeg    . . .      Spirit   .   c - +0 robe
rPois   .          Reflect  .   (helmet restricted)
rElec   .          Harm     .   (no cloak)
rCorr   .          Rampage  .   (gloves unavailable)
Will    .....                   (boots unavailable)
Stlth   ++........              (no amulet)
HPRegen 0.07/turn               (no ring)
MPRegen 0.10/turn               (no ring)

@: very quick
A: very small, no large weapons, unfitting armour, see invisible, speed 3
a: no special abilities


You were on level 3 of the Dungeon.
You visited 1 branch of the dungeon, and saw 3 of its levels.

You collected 107 gold pieces.

Inventory:

Hand Weapons
 a - a +1 sling (weapon)
 b - a +0 short sword of freezing
 o - a +0 short sword
Missiles
 d - 3 poisoned darts
Armour
 c - a +0 robe (worn)
Jewellery
 i - a ring of poison resistance
Scrolls
 h - a scroll of poison
 j - a scroll of vulnerability {unknown}
 k - a scroll of identify {unknown}
 l - a scroll of fog {unknown}
 m - a scroll of noise {unknown}
Potions
 e - a potion of magic {unknown}
 f - a potion of attraction {unknown}
 g - a potion of lignification {unknown}
 n - a potion of flight {unknown}


   Skills:
 - Level 0.7 Fighting
 + Level 4.8 Ranged Weapons
 - Level 2.6 Dodging
 - Level 1.3 Spellcasting
 - Level 3.6 Hexes
 + Level 2.4 Translocations


You had one spell level left.
You knew the following spells:

 Your Spells              Type           Power      Damage    Failure   Level
a - Slow                  Hex            44%        N/A       6%          1
b - Portal Projectile     Hex/Tloc       18%        N/A       22%         3

Your spell library contained the following spells:

 Spells                   Type           Power      Damage    Failure   Level
 Blink                    Tloc           14%        N/A       14%         2
 Lesser Beckoning         Tloc           7%         N/A       28%         3
 Inner Flame              Hex/Fire       6%         N/A       36%         3
 Cause Fear               Hex            5%         N/A       50%         4
 Manifold Assault         Tloc           7%         N/A       95%         5


Dungeon Overview and Level Annotations

Branches:
Dungeon (3/15)

Altars:
Xom


Innate Abilities, Weirdness & Mutations

You are very small and have problems with some larger weapons.
You are too small for most types of armour.
You have supernaturally acute eyesight. (SInv)
You cover ground extremely quickly. (Speed+++)


Message History

You see here a +0 club.
You see here a +0 short sword.
There is a stone staircase leading down here.
You climb downwards.
There is a stone staircase leading up here.
The orc priest begins to cast a cantrip, but forgets the words!
The adder barely misses you.
You climb upwards.
There is a stone staircase leading down here.
Casting: Slow (safe; 6% risk of failure)
Confirm with . or Enter, or press ? or * to list all spells.
Aiming: Slow (safe; 6% risk of failure)
Press: ? - help, Shift-Dir - straight line, f - adder
Aim: an adder (chance to affect: 58%)
The adder seems to slow down.
The adder bites you.
Fire: a) +1 sling
Press: ? - help, Q - select action, (/) - cycle Shift-Dir - straight line, f/p - adder
Aim: an adder (slow, 42% to hit)
Okay, then.
Fire: a) +1 sling
Press: ? - help, Q - select action, (/) - cycle Shift-Dir - straight line, f/p - adder
Aim: an adder (slow, 42% to hit)
Okay, then.
You shoot a sling bullet.
The sling bullet barely misses the adder.
You shoot a sling bullet. The sling bullet hits the adder!
The adder is severely wounded.
You shoot a sling bullet. The sling bullet hits the adder.
You kill the adder!
No target in view!
No target in view!
There is a stone staircase leading down here.
Okay, then.
You climb downwards.
The orc priest calls down the wrath of Beogh upon you.
Pain shoots through your body!
The orc priest invokes the aid of Beogh against you.
Pain shoots through your body!
Ouch! That really hurt!
You die...

#########.#.# #.# #.......#.#
#.# #.#######.# #.#
#.#.......#### #.#
#............# #.#
#<.).........# #.# .##..#
#............# #.# .
#....###(...........# #.# ##
#..#..##.....@......#######.##
.#
..#...#o....................#
.#
#.#.#.#............##########
### #.#.#.#............# ..#
#...#.##...........#
.####...##.(...........#
.#.#..#..#(............#
.....###.(.............#
.#.#..#..#.............#


You could see an orc priest.

Vanquished Creatures
  A jelly (D:2)
  2 adders (D:2)
  3 gnolls
  A dart slug (D:2)
  3 orcs
  3 ball pythons
  4 bats
  4 endoplasms
  2 giant cockroaches
  3 goblins
  3 hobgoblins
  4 jackals (D:1)
  4 kobolds
  2 quokkas
  4 frilled lizards
  5 rats
48 creatures vanquished.

Notes
Turn   | Place    | Note
-------+----------+-------------------------------------------
     0 | D:1      | VictoriousLee the Spriggan Arcane Marksman began the quest
                  | for the Orb.
     0 | D:1      | Reached XP level 1. HP: 9/9 MP: 3/3
   196 | D:1      | Reached XP level 2. HP: 14/14 MP: 5/5
   284 | D:1      | Reached skill level 3 in Ranged Weapons
  1091 | D:2      | Reached skill level 4 in Ranged Weapons
  1091 | D:2      | Reached XP level 3. HP: 17/17 MP: 6/6
  1164 | D:2      | Reached XP level 4. HP: 13/21 MP: 5/7
  1343 | D:2      | Learned a level 3 spell: Portal Projectile
  1386 | D:2      | Found a faded altar of an unknown god.
  1767 | D:2      | Reached skill level 1 in Translocations
  2304 | D:3      | Found a shimmering altar of Xom.
  3066 | D:3      | Killed from afar by an orc priest

Illustrated notes

Levels and vault maps discovered:
D:1:      beargit_arrival_diablo_church, layout_basic, interstate_on_off,
          st_stairs_13, minmay_misc_feat_chi
D:2:      layout_basic, dilly_ecumenical_altar_fadedgnrine
D:3:      wad_crossroads, layout_basic, mainiacjoe_overflow_surrounded_room

Skill      XL: |  1  2  3  4 |
---------------+-------------+-----
Ranged Weapons | 4 |  4.8
Translocations | 2 |  2.4
Fighting       | |  0.7
Dodging        | |  2.6
Spellcasting   | |  1.3
Hexes          | |  3.6

Action                   |  1- 3 |  4- 6 || total
-------------------------+-------+-------++-------
 Fire: Sling             |    70 |    73 ||   143
Throw: Dart              |       |     9 ||     9
 Cast: Slow              |     1 |     5 ||     6
Armor: Robe              |     6 |     1 ||     7
Dodge: Dodged            |    36 |    23 ||    59
